 Dungeon Crawl Stone Soup version 0.29-a0-477-g62b78b4225 (webtiles) character file.

Game seed: 16104715986565201975

67 Infinimo the Cudgeller (level 4, -2/69 HPs)
             Began as an Ogre Gladiator on May 25, 2022.
             Slain by a gnoll
             ... wielding a +0 spear
              (7 damage)
             ... on level 2 of the Dungeon.
             The game lasted 00:02:00 (2340 turns).

Infinimo the Cudgeller (Ogre Gladiator)             Turns: 2340, Time: 00:02:01

Health: -2/69      AC: 22    Str: 22    XL:     4   Next: 16%
Magic:  4/4        EV:  1    Int: 15    God:
Gold:   151        SH:  0    Dex: 10    Spells: 3/3 levels left

rFire   + . .      SeeInvis .   r - +0 morningstar
rCold   . . .      Faith    .   (no shield)
rNeg    . . .      Spirit   .   (body armour currently unavailable)
rPois   +          Reflect  .   (helmet currently unavailable)
rElec   .          Harm     .   (cloak currently unavailable)
rCorr   .          Rampage  .   (gloves unavailable)
Will    +....      NoTele   +   (boots unavailable)
Stlth   ++........              (no amulet)
HPRegen 0.21/turn               o - ring "Tikuluug" {rF+ Will+ Str+4 Int+4 Stlth+}
MPRegen 0.09/turn               (no ring)

@: tree-form
A: stationary, stasis, torment immunity, boosted hp, large, unfitting armour,
(tough skin 1)
a: no special abilities


You were on level 2 of the Dungeon.
You were a tree.
You visited 1 branch of the dungeon, and saw 3 of its levels.

You collected 151 gold pieces.

Inventory:

Hand Weapons
 r - a +0 morningstar (weapon)
Missiles
 d - 3 throwing nets (quivered)
 e - a large rock
Armour
 b - a +0 robe (melded)
 c - a +0 hat (melded)
Jewellery
 o - the ring "Tikuluug" (left branch) {rF+ Will+ Str+4 Int+4 Stlth+}
   (You found it on level 2 of the Dungeon)

   [ring of protection from fire]

   Str:       It affects your strength (+4).
   Int:       It affects your intelligence (+4).
   rF:        It protects you from fire.
   Will:      It increases your willpower.
   Stlth:     It makes you more stealthy.
Scrolls
 a - 2 scrolls of brand weapon {unknown}
 g - 2 scrolls of blinking {unknown}
 h - a scroll of magic mapping {unknown}
 i - 3 scrolls of identify {unknown}
 l - 2 scrolls of teleportation {unknown}
 n - a scroll of fog {unknown}
 p - 3 scrolls of summoning {unknown}
 q - a scroll of poison {unknown}
Potions
 j - a potion of magic {unknown}
 k - a potion of lignification
 m - a potion of invisibility {unknown}


   Skills:
 + Level 3.6 Fighting
 * Level 3.7 Maces & Flails
 - Level 2.0 Throwing
 + Level 3.2 Dodging


You had 3 spell levels left.
You didn't know any spells.
Your spell library was empty.

Dungeon Overview and Level Annotations

Branches:
Dungeon (3/15)

Altars:
The Shining One


Innate Abilities, Weirdness & Mutations

You are a tree.
Your roots penetrate the ground, keeping you stationary.
You cannot be teleported.
You are immune to unholy pain and torment.
Your maximum health is greatly increased.
Your equipment is partially melded.
You are too large for most types of armour.
((You have tough skin. (AC +1)))


Message History

There is a stone staircase leading down here.
The gnoll hits you with a +0 spear.
The gnoll is moderately wounded.
The gnoll hits you with a +0 club. The gnoll hits you with a +0 spear.
The gnoll hits you with a +0 club. The gnoll hits you with a +0 spear!
* * * LOW HITPOINT WARNING * * *
You are too injured to fight recklessly!
You are too injured to fight recklessly!
You are too injured to fight recklessly!
You are too injured to fight recklessly!
You are too injured to fight recklessly!
You are too injured to fight recklessly!
You are too injured to fight recklessly!
You are too injured to fight recklessly!
You are too injured to fight recklessly!
You are too injured to fight recklessly!
You are too injured to fight recklessly!
You are too injured to fight recklessly!
You are too injured to fight recklessly!
You are too injured to fight recklessly!
You are too injured to fight recklessly!
You are too injured to fight recklessly!
The gnoll attacks as you move away! The gnoll attacks as you move away!
The gnoll attacks as you move away! The gnoll attacks as you move away!
The gnoll hits you with a +0 club!
* * * LOW HITPOINT WARNING * * *
Okay, then.
It was a potion of lignification.
You turn into a tree.
Your +0 hat melds into your body.
Your +0 robe melds into your body.
Your roots penetrate the ground.
You puncture the gnoll!
The gnoll is almost dead.
The gnoll is almost dead.
You puncture the gnoll!
You kill the gnoll!
You cannot move.
It was a potion of flight.
Your roots keep you in place.
The gnoll hits you from afar with a +0 spear!
You die...

..#.#............................
..#.#####........................
..#.......##################.....
########### ########..##
.(........## #.....#...#.
####.......# #.........#.
#.......# #.)...##..##
#....)..###########.....##...P
######>....g.♣................
#.##....)....#.....####..
#..+.....................
#.##.........####.#####..
#.##.........# #(#######
####.##.........####.......|
##....#############..........
####............................
##.....................).........


You could see a gnoll.

Vanquished Creatures
  A gnoll (D:2)
  An adder (D:3)
  2 worms
  4 bats
  5 endoplasms
  6 goblins
  5 hobgoblins
  4 quokkas
  2 ball pythons
  2 frilled lizards
  7 kobolds
  2 rats
41 creatures vanquished.

Vanquished Creatures (others)
  A plant (D:2)
1 creature vanquished.

Grand Total: 42 creatures vanquished

Notes
Turn   | Place    | Note
-------+----------+-------------------------------------------
     0 | D:1      | Infinimo the Ogre Gladiator began the quest for the Orb.
     0 | D:1      | Reached XP level 1. HP: 22/22 MP: 1/1
   246 | D:1      | Reached XP level 2. HP: 29/29 MP: 2/2
   977 | D:2      | Reached XP level 3. HP: 37/37 MP: 3/3
  1254 | D:2      | Identified the ring "Tikuluug" {rF+ Will+ Str+4 Int+4
                  | Stlth+}
  1821 | D:2      | Found a glowing golden altar of the Shining One.
  2163 | D:3      | Found a faded altar of an unknown god.
  2235 | D:3      | Reached XP level 4. HP: 40/45 MP: 4/4
  2332 | D:2      | HP: 2/45 [gnoll/+0 club (7)]
  2340 | D:2      | Slain by a gnoll

Illustrated notes

Levels and vault maps discovered:
D:1:      matt_arrival_spirals, layout_loops_ring
D:2:      layout_basic, basic_altar, corexii_shack
D:3:      layout_basic, elyvilon_altar_3, mainiacjoe_overflow_24_doors,
          hellmonk_ecumenical_altar_zigzags, grunt_ministairs_6

Skill      XL: |  1  2 |
---------------+-------+-----
Fighting       | 3 |  3.6
Maces & Flails | 3 |  3.7
Dodging        | 3 |  3.2
Throwing       | |  2.0

Action                   |  1- 3 |  4- 6 || total
-------------------------+-------+-------++-------
Melee: Flail             |    84 |       ||    84
       Morningstar       |    22 |     5 ||    27
  Use: Potion            |       |     2 ||     2
 Stab: Sleeping          |     2 |       ||     2
Armor: Robe              |    30 |     1 ||    31
       Skin              |       |     6 ||     6
Dodge: Dodged            |    60 |     9 ||    69

Table legend: (Time is in decaauts)
 A = Elapsed time spent in this place.
 B = Non-inter-level travel time spent in this place.
 C = Inter-level travel time spent in this place.
 D = Time resting spent in this place.
 E = Time spent auto-exploring this place.
 F = Levels seen in this place.
 G = Mean time per level.
                   A        B        C        D        E       F      G
               +--------+--------+--------+--------+--------+-----+--------+
         Total |   2368 |   2297 |     71 |     14 |   1954 |   3 |  789.3 |
       Dungeon |   2368 |   2297 |     71 |     14 |   1954 |   3 |  789.3 |
               +--------+--------+--------+--------+--------+-----+--------+

Top non-repeatable levels by time:
     D:2: 1101 daAuts
     D:1: 979 daAuts
     D:3: 288 daAuts
